[ AOE2 MATCH · #504646771 ]
UnrankedBulgarians vs Magyars
Player's team · LOSS
Rival team · WIN
[ REPLAY ANALYSIS · EXTRACTED FROM THE RECORDED GAME ]
Feudal
11:10
Castle
21:06
Imperial
37:55
| APM avg | 60.0 |
| APM peak | 102 |
| eAPM avg | 27.9 |
| Villagers / military | 173 / 159 |
Focus
⚔️ 49.9% · 🌾 50.1%
Cavalry Archer ×70 · Scout Cavalry ×62 · Skirmisher ×13 · Trebuchet (Packed) ×7 · Militia ×4 · Spearman ×3
Feudal
9:55
Castle
21:40
Imperial
37:57
| APM avg | 84.4 |
| APM peak | 155 |
| eAPM avg | 40.7 |
| Villagers / military | 181 / 237 |
Focus
⚔️ 47.1% · 🌾 52.9%
Cavalry Archer ×173 · Scout Cavalry ×33 · Archer ×16 · Trebuchet (Packed) ×9 · Knight ×3 · Militia ×3
Match map
Initial resources + every placement click. Lines = walls · curves = elevation contours. ◆ gold · ⬟ stone · ● berries · ✦ relic · ◌ wall gap
Your base· ✓ Closed at 21:06 · 42t walls · no gate
ATILA200's base· Open — opponent sealed themselves in
Smoothed initial terrain · ◌ = detected wall gap · hover for details
Inputs per minute
— lame dog - - ATILA200
Build order — lame dog
First 150 of 539 actions detected
| 0:01 | Queue | Villager (Male) |
| 0:01 | Queue | Villager (Male) |
| 0:01 | Queue | Villager (Male) |
| 0:02 | Queue | Villager (Male) |
| 0:02 | Build | House |
| 0:03 | Build | House |
| 1:28 | Queue | Villager (Male) |
| 1:28 | Queue | Villager (Male) |
| 2:00 | Build | Lumber Camp |
| 2:13 | Queue | Villager (Male) |
| 2:13 | Queue | Villager (Male) |
| 2:36 | Queue | Villager (Male) |
| 2:36 | Queue | Villager (Male) |
| 2:58 | Queue | Villager (Male) |
| 2:58 | Queue | Villager (Male) |
| 3:23 | Queue | Villager (Male) |
| 3:23 | Queue | Villager (Male) |
| 3:23 | Queue | Villager (Male) |
| 4:00 | Queue | Villager (Male) |
| 4:00 | Queue | Villager (Male) |
| 4:08 | Build | House |
| 4:19 | Queue | Villager (Male) |
| 4:19 | Queue | Villager (Male) |
| 4:34 | Queue | Villager (Male) |
| 4:34 | Queue | Villager (Male) |
| 4:37 | Build | Barracks |
| 5:07 | Queue | Villager (Male) |
| 5:09 | Build | House |
| 5:18 | Build | House |
| 5:33 | Queue | Villager (Male) |
| 5:40 | Queue | Militia |
| 5:40 | Queue | Militia |
| 5:54 | Queue | Villager (Male) |
| 6:09 | Build | Mill |
| 6:23 | Queue | Villager (Male) |
| 6:52 | Queue | Villager (Male) |
| 7:03 | Queue | Villager (Male) |
| 7:04 | Queue | Villager (Male) |
| 7:09 | Queue | Villager (Male) |
| 7:11 | Build | Farm |
| 7:37 | Queue | Villager (Male) |
| 8:11 | Research | Loom |
| 8:50 | Research | Feudal Age |
| 8:50 | Research | Feudal Age |
| 8:58 | Build | Palisade Wall |
| 9:27 | Build | Lumber Camp |
| 9:36 | Queue | Militia |
| 9:36 | Queue | Militia |
| 9:37 | Build | Farm |
| 9:40 | Build | House |
| 9:54 | Build | Palisade Wall |
| 10:11 | Build | Mill |
| 10:17 | Build | Palisade Wall |
| 10:22 | Build | Palisade Wall |
| 10:24 | Build | Palisade Wall |
| 10:36 | Build | Palisade Wall |
| 10:38 | Build | Palisade Wall |
| 10:52 | Queue | Villager (Male) |
| 10:58 | Build | Palisade Wall |
| 11:10 | Age | Feudal Age |
| 11:13 | Queue | Spearman |
| 11:17 | Build | House |
| 11:20 | Build | Farm |
| 11:22 | Build | Farm |
| 11:25 | Queue | Villager (Male) |
| 11:29 | Build | Farm |
| 11:45 | Queue | Villager (Male) |
| 11:45 | Queue | Villager (Male) |
| 11:54 | Queue | Villager (Male) |
| 12:09 | Build | Archery Range |
| 12:20 | Build | House |
| 12:31 | Queue | Villager (Male) |
| 12:37 | Build | Farm |
| 13:04 | Queue | Skirmisher |
| 13:13 | Queue | Villager (Male) |
| 13:20 | Queue | Villager (Male) |
| 13:22 | Build | Farm |
| 13:22 | Build | Farm |
| 13:31 | Queue | Skirmisher |
| 13:37 | Queue | Villager (Male) |
| 13:44 | Queue | Skirmisher |
| 13:49 | Build | Farm |
| 13:58 | Queue | Villager (Male) |
| 14:00 | Build | Farm |
| 14:12 | Queue | Villager (Male) |
| 14:19 | Build | House |
| 14:33 | Build | Farm |
| 14:36 | Build | Farm |
| 14:52 | Queue | Villager (Male) |
| 14:58 | Build | Blacksmith |
| 15:10 | Queue | Villager (Male) |
| 15:17 | Build | Farm |
| 15:20 | Queue | Skirmisher |
| 15:41 | Queue | Villager (Male) |
| 15:44 | Build | Mining Camp |
| 16:07 | Research | Padded Archer Armor |
| 16:08 | Queue | Villager (Male) |
| 16:23 | Build | House |
| 16:25 | Queue | Villager (Male) |
| 16:43 | Build | House |
| 16:51 | Queue | Villager (Male) |
| 16:55 | Queue | Skirmisher |
| 17:01 | Build | Market |
| 17:10 | Queue | Skirmisher |
| 17:13 | Build | House |
| 17:22 | Research | Fletching |
| 17:39 | Queue | Villager (Male) |
| 17:59 | Build | House |
| 18:26 | Research | Castle Age |
| 18:27 | Research | Castle Age |
| 18:33 | Queue | Skirmisher |
| 18:35 | Queue | Villager (Male) |
| 18:59 | Research | Double-Bit Axe |
| 18:59 | Research | Double-Bit Axe |
| 19:11 | Queue | Skirmisher |
| 19:22 | Research | Town Watch |
| 19:26 | Queue | Skirmisher |
| 19:37 | Research | Horse Collar |
| 19:47 | Build | Archery Range |
| 20:02 | Queue | Spearman |
| 20:02 | Queue | Spearman |
| 20:05 | Build | House |
| 20:28 | Queue | Villager (Male) |
| 20:33 | Build | Farm |
| 20:37 | Research | Gold Mining |
| 21:06 | Age | Castle Age |
| 21:10 | Research | Bodkin Arrow |
| 21:19 | Research | Elite Skirmisher (upgrade) |
| 21:19 | Queue | Cavalry Archer |
| 21:19 | Queue | Cavalry Archer |
| 21:24 | Queue | Villager (Male) |
| 21:47 | Queue | Skirmisher |
| 21:48 | Queue | Skirmisher |
| 21:50 | Build | House |
| 21:53 | Build | House |
| 22:00 | Queue | Villager (Male) |
| 22:06 | Queue | Villager (Male) |
| 22:29 | Queue | Villager (Male) |
| 22:45 | Queue | Villager (Male) |
| 22:46 | Queue | Skirmisher |
| 22:46 | Queue | Skirmisher |
| 23:00 | Queue | Cavalry Archer |
| 23:01 | Queue | Cavalry Archer |
| 23:33 | Build | Town Center |
| 23:44 | Research | Leather Archer Armor |
| 23:44 | Queue | Cavalry Archer |
| 23:58 | Queue | Villager (Male) |
| 24:03 | Queue | Cavalry Archer |
| 24:40 | Queue | Villager (Male) |
| 24:40 | Queue | Villager (Male) |
Build order — ATILA200
First 150 of 534 actions detected
| 0:00 | Queue | Villager (Male) |
| 0:01 | Queue | Villager (Male) |
| 0:01 | Queue | Villager (Male) |
| 0:01 | Queue | Villager (Male) |
| 0:02 | Build | House |
| 0:03 | Build | House |
| 1:29 | Queue | Villager (Male) |
| 1:52 | Build | Lumber Camp |
| 2:01 | Queue | Villager (Male) |
| 2:16 | Queue | Villager (Male) |
| 2:16 | Queue | Villager (Male) |
| 2:16 | Queue | Villager (Male) |
| 2:44 | Queue | Villager (Male) |
| 2:44 | Queue | Villager (Male) |
| 3:07 | Queue | Villager (Male) |
| 3:07 | Queue | Villager (Male) |
| 3:07 | Queue | Villager (Male) |
| 3:26 | Build | House |
| 3:27 | Build | House |
| 3:42 | Queue | Villager (Male) |
| 3:42 | Queue | Villager (Male) |
| 4:00 | Queue | Villager (Male) |
| 4:00 | Queue | Villager (Male) |
| 4:17 | Queue | Villager (Male) |
| 4:18 | Queue | Villager (Male) |
| 4:24 | Build | Mill |
| 4:49 | Queue | Villager (Male) |
| 4:59 | Queue | Villager (Male) |
| 4:59 | Queue | Villager (Male) |
| 4:59 | Queue | Villager (Male) |
| 5:39 | Queue | Villager (Male) |
| 5:39 | Queue | Villager (Male) |
| 5:39 | Queue | Villager (Male) |
| 6:55 | Research | Loom |
| 7:12 | Build | Mining Camp |
| 7:45 | Research | Feudal Age |
| 8:05 | Build | Mill |
| 8:43 | Queue | Villager (Male) |
| 8:59 | Build | Barracks |
| 9:32 | Build | House |
| 9:35 | Build | Palisade Wall |
| 9:36 | Build | Palisade Wall |
| 9:55 | Age | Feudal Age |
| 9:56 | Build | Archery Range |
| 10:00 | Research | Double-Bit Axe |
| 10:01 | Research | Double-Bit Axe |
| 10:02 | Queue | Villager (Male) |
| 10:16 | Queue | Villager (Male) |
| 10:38 | Queue | Archer |
| 10:49 | Research | Horse Collar |
| 10:58 | Queue | Villager (Male) |
| 11:04 | Build | House |
| 11:09 | Queue | Archer |
| 11:20 | Build | Blacksmith |
| 11:23 | Build | Palisade Wall |
| 11:24 | Build | Palisade Wall |
| 11:25 | Build | Palisade Wall |
| 11:27 | Queue | Villager (Male) |
| 11:41 | Queue | Villager (Male) |
| 11:42 | Queue | Archer |
| 11:53 | Build | Palisade Wall |
| 11:58 | Build | House |
| 12:05 | Queue | Archer |
| 12:22 | Queue | Villager (Male) |
| 12:25 | Queue | Archer |
| 12:38 | Research | Fletching |
| 12:39 | Research | Fletching |
| 12:44 | Build | Palisade Wall |
| 12:52 | Queue | Villager (Male) |
| 12:53 | Queue | Villager (Male) |
| 12:59 | Build | Palisade Wall |
| 13:04 | Build | Palisade Wall |
| 13:06 | Build | Palisade Wall |
| 13:08 | Build | House |
| 13:10 | Build | Palisade Wall |
| 13:12 | Build | House |
| 13:22 | Queue | Villager (Male) |
| 13:25 | Build | Farm |
| 13:26 | Build | Farm |
| 13:26 | Build | Farm |
| 13:46 | Build | Farm |
| 13:47 | Build | Farm |
| 13:49 | Queue | Villager (Male) |
| 14:00 | Queue | Archer |
| 14:07 | Build | Palisade Wall |
| 14:16 | Queue | Villager (Male) |
| 14:19 | Queue | Militia |
| 14:19 | Queue | Militia |
| 14:20 | Queue | Militia |
| 14:36 | Queue | Archer |
| 14:36 | Queue | Archer |
| 14:40 | Queue | Villager (Male) |
| 14:44 | Build | Farm |
| 14:45 | Build | Farm |
| 14:59 | Queue | Villager (Male) |
| 15:01 | Build | Farm |
| 15:02 | Build | Farm |
| 15:11 | Queue | Archer |
| 15:11 | Queue | Archer |
| 15:11 | Queue | Archer |
| 15:20 | Queue | Villager (Male) |
| 15:24 | Build | Farm |
| 15:30 | Build | Farm |
| 15:35 | Build | House |
| 15:44 | Queue | Villager (Male) |
| 15:50 | Queue | Archer |
| 15:51 | Queue | Archer |
| 16:01 | Queue | Villager (Male) |
| 16:12 | Queue | Villager (Male) |
| 16:21 | Build | Farm |
| 16:22 | Build | Farm |
| 16:23 | Build | Farm |
| 16:34 | Queue | Villager (Male) |
| 16:38 | Queue | Archer |
| 16:39 | Queue | Archer |
| 16:43 | Build | Farm |
| 16:47 | Build | Farm |
| 17:10 | Queue | Villager (Male) |
| 17:13 | Queue | Archer |
| 17:17 | Build | Farm |
| 17:18 | Build | Farm |
| 17:47 | Build | Farm |
| 18:03 | Queue | Villager (Male) |
| 18:26 | Queue | Villager (Male) |
| 18:45 | Build | Stable |
| 19:00 | Research | Castle Age |
| 19:00 | Research | Castle Age |
| 19:00 | Research | Castle Age |
| 19:21 | Build | Archery Range |
| 19:28 | Research | Gold Mining |
| 19:28 | Research | Gold Mining |
| 19:59 | Research | Bloodlines |
| 19:59 | Research | Bloodlines |
| 20:09 | Build | House |
| 20:09 | Build | House |
| 20:20 | Build | House |
| 20:43 | Queue | Villager (Male) |
| 20:43 | Queue | Villager (Male) |
| 21:01 | Research | Scale Barding Armor |
| 21:20 | Build | House |
| 21:32 | Build | House |
| 21:40 | Age | Castle Age |
| 21:43 | Queue | Knight |
| 21:43 | Queue | Knight |
| 21:45 | Queue | Cavalry Archer |
| 21:45 | Queue | Cavalry Archer |
| 21:49 | Build | Town Center |
| 22:05 | Build | Mining Camp |
| 22:18 | Queue | Villager (Male) |
| 22:26 | Queue | Villager (Male) |
Match timeline
| 4:37 | lame dog · first_building Barracks |
| 8:58 | lame dog · wall_segment Palisade Wall x7 |
| 8:59 | ATILA200 · first_building Barracks |
| 9:35 | ATILA200 · wall_segment Palisade Wall x3 |
| 9:36 | ATILA200 · wall_segment Palisade Wall x1 |
| 9:54 | lame dog · wall_segment Palisade Wall x6 |
| 9:55 | ATILA200 · age_up feudal |
| 9:56 | ATILA200 · first_building Archery Range |
| 10:17 | lame dog · wall_segment Palisade Wall x1 |
| 10:22 | lame dog · wall_segment Palisade Wall x12 |
| 10:24 | lame dog · wall_segment Palisade Wall x10 |
| 10:36 | lame dog · wall_segment Palisade Wall x2 |
| 10:38 | lame dog · wall_segment Palisade Wall x3 |
| 10:58 | lame dog · wall_segment Palisade Wall x1 |
| 11:10 | lame dog · age_up feudal |
| 11:23 | ATILA200 · wall_segment Palisade Wall x1 |
| 11:24 | ATILA200 · wall_segment Palisade Wall x1 |
| 11:25 | ATILA200 · wall_segment Palisade Wall x1 |
| 11:53 | ATILA200 · wall_segment Palisade Wall x1 |
| 12:09 | lame dog · first_building Archery Range |
| 12:44 | ATILA200 · wall_segment Palisade Wall x1 |
| 12:59 | ATILA200 · wall_segment Palisade Wall x1 |
| 13:04 | ATILA200 · wall_segment Palisade Wall x1 |
| 13:06 | ATILA200 · wall_segment Palisade Wall x1 |
| 13:10 | ATILA200 · wall_segment Palisade Wall x1 |
| 14:07 | ATILA200 · wall_segment Palisade Wall x1 |
| 17:45 | lame dog · first_market_sell 100 wood |
| 18:45 | ATILA200 · first_building Stable |
| 21:06 | lame dog · age_up castle |
| 21:40 | ATILA200 · age_up castle |
| 26:30 | lame dog · first_building Stable |
| 29:55 | lame dog · first_market_buy 100 food |
| 31:43 | ATILA200 · first_building Castle |
| 32:46 | lame dog · first_building Krepost |
| 33:46 | ATILA200 · wall_segment Stone Wall x1 |
| 35:43 | lame dog · first_building Castle |
| 36:26 | ATILA200 · first_market_sell 100 food |
| 37:11 | ATILA200 · first_market_buy 100 wood |
| 37:55 | lame dog · age_up imperial |
| 37:57 | ATILA200 · age_up imperial |
| 48:37 | lame dog · resign |
[ AI ANALYSIS · 1 CREDIT ]
What really happened in this match?
Wolo.gg analyzes every decision: build order, eco, micro, common mistakes by bracket. Personalized analysis on WhatsApp or Discord in 30 seconds.
Civ guide
Bulgarians
Perfil
Jugador #24924483